 Dungeon Crawl Stone Soup version 0.22-a0-815-gb582571 (webtiles) character file.

40 inc the Ogre Mage (level 3, -1/31 HPs)
             Began as an Ogre Wizard on July 23, 2018.
             Slain by a worker ant (6 damage)
             ... on level 4 of the Dungeon.
             The game lasted 00:04:04 (2169 turns).

inc the Ogre Mage (Ogre Wizard)                     Turns: 2169, Time: 00:04:05

Health: -1/31      AC:  3    Str: 12    XL:     3   Next: 50%
Magic:  0/8        EV: 10    Int: 19    God:
Gold:   91         SH:  0    Dex:  7    Spells: 0/9 levels left

rFire    . . .     SeeInvis .   j - +0 whip
rCold    . . .     Gourm    .   (no shield)
rNeg     . . .     Faith    .   a - +0 robe
rPois    .         Spirit   .   b - +0 hat
rElec    .         Reflect  .   (no cloak)
rCorr    .         Harm     .   (gloves unavailable)
MR       .....                  (boots unavailable)
Stlth    +.........             (no amulet)
HPRegen  0.10/turn              (no ring)
MPRegen  0.11/turn              (no ring)

@: no status effects
A: large, unfitting armour, tough skin 1
a: no special abilities


You were on level 4 of the Dungeon.
You were hungry.

You visited 1 branch of the dungeon, and saw 3 of its levels.

You collected 91 gold pieces.

Inventory:

Hand Weapons
 f - a +0 club
 j - a +0 whip (weapon)
Armour
 a - a +0 robe (worn)
 b - a +0 hat (worn)
Jewellery
 h - an uncursed amulet of magic regeneration {unknown}
 k - an uncursed ring of magical power {unknown}
 n - a cursed ring of teleportation {unknown}
Scrolls
 c - 3 scrolls of identify {unknown}
 e - a scroll of amnesia {unknown}
 i - 2 scrolls of fear {unknown}
 l - 3 scrolls of remove curse {unknown}
Potions
 g - a potion of lignification {unknown}
 m - a potion of berserk rage {unknown}
 o - a potion of magic {unknown}
 p - a potion of invisibility {unknown}
Comestibles
 d - 6 rations


   Skills:
 - Level 1.7 Dodging
 - Level 1.4 Stealth
 + Level 3.6 Spellcasting
 + Level 2.9 Conjurations
   Level 0.8 Summonings
 - Level 0.8 Translocations


You couldn't memorise any spells.
You knew the following spells:

 Your Spells              Type           Power        Failure   Level  Hunger
a - Magic Dart            Conj           ##..         4%          1    None
b - Conjure Flame         Conj/Fire      #.......     24%         3    ###....
c - Mephitic Cloud        Conj/Pois/Air  #.......     28%         3    ###....
d - Blink                 Tloc           N/A          16%         2    ##.....

Your spell library contained the following spells:

 Spells                   Type           Power        Failure   Level  Hunger
 Slow                     Hex            #.......     22%         2    ##.....
 Call Imp                 Summ           #.......     16%         2    ##.....


Dungeon Overview and Level Annotations

Branches:
Dungeon (2/15)

Altars:
Ru


Innate Abilities, Weirdness & Mutations

You are too large for most types of armour.
You have tough skin. (AC +1)


Message History

You barely miss the worker ant.
The worker ant is almost dead.
The worker ant bites you.
You hit the worker ant.
The worker ant is almost dead.
The worker ant closely misses you. The worker ant bites you.
* * * LOW HITPOINT WARNING * * *
You closely miss the worker ant.
The worker ant is almost dead.
The worker ant barely misses you.
Unknown command.
Casting: Magic Dart (safe; 4% risk of failure)
Confirm with . or Enter, or press ? or * to list all spells.
Aiming: Magic Dart (safe; 4% risk of failure)
Press: ? - help, Shift-Dir - straight line, f/p - worker ant
Aim: a worker ant (almost dead)
The magic dart hits the worker ant.
The worker ant is almost dead.
The worker ant bites you.
You die...

#########
#.......# .
#.......#####....
+.......a@.......
#.......#####..?.
#.......# .
#.>!....#
#.......#
#########


You could see a worker ant.

Vanquished Creatures
  A worm (D:2)
  A dart slug (D:1)
  A leopard gecko (D:1)
  3 bats
  A giant cockroach (D:1)
  6 goblins (D:1)
  5 hobgoblins
  5 kobolds
  A ball python (D:2)
  3 frilled lizards
  5 rats
32 creatures vanquished.

Vanquished Creatures (others)
  4 toadstools (D:1)
4 creatures vanquished.

Grand Total: 36 creatures vanquished

Notes
Turn   | Place    | Note
-------+----------+-------------------------------------------
     0 | D:1      | inc the Ogre Wizard began the quest for the Orb.
     0 | D:1      | Reached XP level 1. HP: 16/16 MP: 5/5
    38 | D:1      | Reached skill level 1 in Conjurations
   371 | D:1      | Reached XP level 2. HP: 24/24 MP: 0/6
   864 | D:1      | Reached XP level 3. HP: 23/31 MP: 1/8
  1491 | D:2      | Learned a level 3 spell: Conjure Flame
  1495 | D:2      | Learned a level 3 spell: Mephitic Cloud
  1507 | D:2      | Learned a level 2 spell: Blink
  1520 | D:2      | Found a sacrificial altar of Ru.
  2146 | D:2      | You fall through a shaft for 2 floors!
  2169 | D:4      | Slain by a worker ant

Vault maps used:
D:1:      ldierk_walled_garden_2, serial_bayou, serial_bayou_pond_b,
          serial_bayou_pond_e, serial_bayou_pond_d, serial_bayou_lake_a,
          minmay_pentomino_u4
D:2:      doesnt_xom_only_xom, lemuel_tele_altar
D:4:      minmay_temple_entry_metal_lava, first_ration, gammafunk_ghost_grave,
          uniq_grinder

Skill      XL: |  1  2 |
---------------+-------+-----
Conjurations   | 1 2 |  2.9
Dodging        | |  1.7
Stealth        | |  1.4
Spellcasting   | |  3.6
Summonings     | |  0.8
Translocations | |  0.8

Action                   || total
-------------------------++-------
Melee: Unarmed           ||    62
       Club              ||     1
       Whip              ||    30
 Cast: Magic Dart        ||    81
       Mephitic Cloud    ||     3
       Conjure Flame     ||     2
 Stab: Confused          ||     2
  Eat: Chunk             ||     4
Armor: Robe              ||    32
Dodge: Dodged            ||    61

Table legend:
 A = Spawn XP
 B = Non-spawn XP
 C = Spawn XP percentage of total XP
 D = Spawn monster count
 E = Non-spawn monster count
 F = Spawn count percentage of total count
 G = Total turns spent on level
                    A         B        C        D         E        F      G
               +---------+---------+-------+---------+---------+-------+---------
         Total |       0 |      58 |   0.0 |       0 |      32 |   0.0 |  2169
               +---------+---------+-------+---------+---------+-------+---------
           D:1 |       0 |      41 |   0.0 |       0 |      22 |   0.0 |  1505
           D:2 |       0 |      17 |   0.0 |       0 |      10 |   0.0 |   641
               +---------+---------+-------+---------+---------+-------+---------
